 Dungeon Crawl Stone Soup version 0.29-a0-297-g7659ce593d (webtiles) character file.

Game seed: 10376517635436593728

3322 kipponium the Slinger (level 9, -2/94 HPs)
             Began as a Demonspawn Berserker on Mar 21, 2022.
             Was an Elder of Trog.
             Slain by Prince Ribbit (10 damage)
             ... on level 8 of the Dungeon.
             The game lasted 00:21:19 (8911 turns).

kipponium the Slinger (Demonspawn Berserker)        Turns: 8911, Time: 00:21:20

Health: -2/94      AC: 18    Str: 23    XL:     9   Next: 71%
Magic:  9/9        EV:  8    Int:  8    God:    Trog [****..]
Gold:   200        SH:  0    Dex: 15    Spells: 8/8 levels left

rFire   . . .      SeeInvis .   e - +1 whip (drain)
rCold   . . .      Faith    .   (no shield)
rNeg    + . .      Spirit   .   F - +0 chain mail {rN+}
rPois   .          Reflect  .   (helmet restricted)
rElec   .          Harm     .   A - +0 cloak
rCorr   .          Rampage  .   D - +1 pair of gloves {Str+3}
Will    +....                   r - +0 pair of boots
Stlth   ..........              B - amulet of magic regeneration
HPRegen 0.25/turn               k - ring of willpower
MPRegen 0.51/turn               u - +4 ring of protection

@: berserking (expiring), lethally poisoned (-2 -> -4), slowed
A: horns 1, yellow scales 1, demonic guardian 2
a: Renounce Religion, Berserk, Trog's Hand, Brothers in Arms


You were on level 8 of the Dungeon.
You worshipped Trog.
Trog was greatly pleased with you.
You visited 1 branch of the dungeon, and saw 8 of its levels.

You collected 381 gold pieces.
You spent 181 gold pieces at shops.

Inventory:

Hand Weapons
 a - a +0 hand axe
 e - a +1 whip of draining (weapon)
 i - the +5 hunting sling "Kaujonaqapt" {venom, rC- rN+++ Will++ Stlth-}
   (You found it on level 2 of the Dungeon)

   Any ammunition fired from it poisons the flesh of those it strikes.
   rC:        It makes you vulnerable to cold.
   rN:        It renders you almost immune to negative energy.
   Will:      It greatly increases your willpower.
   Stlth:     It makes you less stealthy.
Missiles
 o - 3 atropa-tipped darts
 G - 2 throwing nets
Armour
 p - a +0 chain mail
 r - a +0 pair of boots (worn)
 A - a +0 cloak (worn)
 D - a +1 pair of gloves of strength (worn)
 F - a +0 chain mail of positive energy (worn)
Jewellery
 k - a ring of willpower (left hand)
 n - a ring of fire
 u - a +4 ring of protection (right hand)
 B - an amulet of magic regeneration (around neck)
Wands
 t - a wand of flame (21)
 z - a wand of iceblast (3)
Scrolls
 d - a scroll of brand weapon {unknown}
 j - a scroll of torment {unknown}
 l - 8 scrolls of identify {unknown}
 v - 3 scrolls of blinking {unknown}
 x - 2 scrolls of fog {unknown}
 y - a scroll of enchant armour {unknown}
 C - 4 scrolls of teleportation {unknown}
 E - a scroll of enchant weapon {unknown}
Potions
 b - a potion of berserk rage {unknown}
 c - a potion of ambrosia {unknown}
 f - a potion of curing
 g - a potion of might
 h - a potion of degeneration {unknown}
 m - a potion of magic {unknown}
 q - 3 potions of brilliance
 s - a potion of heal wounds {unknown}
 w - a potion of lignification {unknown}


   Skills:
 - Level 3.0 Fighting
 * Level 9.1 Axes
 - Level 9.2 Slings
 - Level 1.7 Armour
 - Level 1.7 Dodging


You had 8 spell levels left.
You didn't know any spells.
Your spell library was empty.

Dungeon Overview and Level Annotations

Branches:
Dungeon (8/15)             Temple (0/1) D:7
   Lair: D:8-11

Altars:
Hepliaklqana
Qazlal
Ru
Uskayaw
Yredelemnul
Zin
The Shining One

Shops:
D:1 *   D:5 *:[*:

Annotations:
D:5 1 runed translucent door, Crazy Yiuf
D:8 Prince Ribbit


Innate Abilities, Weirdness & Mutations

You have a pair of small horns on your head.
You are partially covered in yellow scales. (AC +2)
A demonic guardian rushes to your aid.


Message History

Prince Ribbit hits you but does no damage.
The hornet stings you but does no damage.
Prince Ribbit hits you.
You can move again.
You closely miss the hornet. Your punch misses the hornet.
The hornet is moderately wounded.
You feel sick. The hornet stings you!
* * * LOW HITPOINT WARNING * * *
You feel as though you will be slow longer.
Prince Ribbit hits you.
* * * LOW HITPOINT WARNING * * *
The hornet stings you but does no damage.
You whack the hornet!
The hornet is heavily wounded.
You feel sick. Prince Ribbit hits you.
* * * LOW HITPOINT WARNING * * *
The hornet stings you.
* * * LOW HITPOINT WARNING * * *
A demonic guardian appears!
You feel as though you will be slow longer.
You barely miss the hornet.
The hornet is heavily wounded.
Prince Ribbit hits you but does no damage.
The hornet barely misses you.
You hit the hornet. You drain the hornet.
The hornet is severely wounded.
You feel sick. Prince Ribbit hits you.
* * * LOW HITPOINT WARNING * * *
The hornet stings you.
* * * LOW HITPOINT WARNING * * *
You feel as though you will be slow longer.
Your orange demon stings Prince Ribbit!
Prince Ribbit looks as sick as possible!
Your orange demon poisons Prince Ribbit!
Your orange demon completely misses Prince Ribbit.
You hit the hornet. You drain the hornet.
You kill the hornet!
Trog accepts your kill.
You feel sick. Prince Ribbit hits you!
You die...

.#.#..# ...##.#
...##.####.##
....#........###
.###.#.#.###.....
.. #......F...##
#†#.##.##.#.+
#.#.##.##.#
#@#.##..#.#
#F#.###.#.# #4#.#
#.#.# #.#.# #...#
#.#.# ##..# #.#.#
#..# #.#.# #..#
#.#.# #..# #.#.#
#..#


You could see Prince Ribbit (extremely poisoned, ally target) and a friendly
orange demon (summoned).

Vanquished Creatures
  Erica (D:8)
  Grinder (D:4)
  A hornet (D:8)
  Eustachio (D:4)
  A water moccasin (D:6)
  2 ice beasts
  An orc warrior (D:7)
  An ogre (D:5)
  2 centaurs
  A phantom (D:5)
  Blork the orc (D:6)
  A bullfrog (D:8)
  A scorpion (D:7)
  A killer bee (D:5)
  4 howler monkeys
  6 hounds
  A jelly (D:5)
  7 orc priests
  7 iguanas
  Ijyb (D:5)
  8 orc wizards
  4 gnolls (D:5)
  9 adders
  A shadow imp (D:5)
  2 ufetubi (D:5)
  A worm (D:3)
  7 dart slugs
  31 orcs
  6 bats
  8 endoplasms
  2 giant cockroaches (D:1)
  A goblin (D:4)
  7 hobgoblins
  7 jackals
  2 quokkas
  4 ball pythons
  4 frilled lizards
  6 kobolds
  3 rats
155 creatures vanquished.

Vanquished Creatures (collateral kills)
  An ice beast (D:6)
  A phantom (D:5)
  An orc priest (D:5)
  An orc (D:5)
4 creatures vanquished.

Vanquished Creatures (others)
  12 fungi
  21 plants
33 creatures vanquished.

Grand Total: 192 creatures vanquished

Notes
Turn   | Place    | Note
-------+----------+-------------------------------------------
     0 | D:1      | kipponium the Demonspawn Berserker began the quest for the
                  | Orb.
     0 | D:1      | Reached XP level 1. HP: 18/18 MP: 1/1
    92 | D:1      | Found Jeaskollyh's General Store.
   217 | D:1      | Gained mutation: You are partially covered in yellow
                  | scales. (AC +2) [demonic ancestry]
   217 | D:1      | Reached XP level 2. HP: 18/24 MP: 2/2
  1151 | D:2      | Reached XP level 3. HP: 25/29 MP: 3/3
  1212 | D:2      | Identified the +5 hunting sling "Kaujonaqapt" {venom, rC-
                  | rN+++ Will++ Stlth-}
  1646 | D:2      | Found a faded altar of an unknown god.
  1832 | D:3      | Reached ** piety under Trog
  1843 | D:3      | Reached skill level 1 in Slings
  1961 | D:3      | Gained mutation: You have a pair of small horns on your
                  | head. [demonic ancestry]
  1961 | D:3      | Reached XP level 4. HP: 35/35 MP: 4/4
  2399 | D:3      | Reached XP level 5. HP: 32/41 MP: 5/5
  2694 | D:4      | Found a hide-covered altar of Uskayaw.
  2708 | D:4      | Noticed Eustachio
  2739 | D:4      | Killed Eustachio
  2740 | D:4      | Gained mutation: A weak demonic guardian rushes to your
                  | aid. [demonic ancestry]
  2740 | D:4      | Reached XP level 6. HP: 22/47 MP: 6/6
  2915 | D:4      | Reached skill level 5 in Slings
  3277 | D:4      | Noticed Grinder
  3288 | D:4      | Killed Grinder
  3289 | D:4      | Gained mutation: A demonic guardian rushes to your aid.
                  | [demonic ancestry]
  3289 | D:4      | Reached XP level 7. HP: 52/52 MP: 7/7
  3590 | D:5      | Entered Level 5 of the Dungeon
  3835 | D:5      | Noticed Ijyb
  3843 | D:5      | Killed Ijyb
  3843 | D:5      | Reached *** piety under Trog
  3927 | D:5      | Found Gajyil's Assorted Antiques.
  3963 | D:5      | Found a runed translucent door.
  3964 | D:5      | Noticed Crazy Yiuf
  3992 | D:5      | Found Fiof's Book Shoppe.
  4042 | D:5      | Reached XP level 8. HP: 12/58 MP: 8/8
  4844 | D:5      | Found a basalt altar of Yredelemnul.
  4861 | D:5      | Found Fusoaji's Armour Shop.
  4870 | D:5      | Bought a +1 pair of gloves of strength for 181 gold pieces
  4958 | D:5      | Found Noilov's Assorted Antiques.
  5092 | D:5      | Found Jozxapio's Book Emporium.
  5109 | D:5      | Found a hazy altar of Hepliaklqana.
  5689 | D:6      | Reached skill level 5 in Axes
  5981 | D:6      | Noticed Blork the orc
  5987 | D:6      | Killed Blork the orc
  6447 | D:6      | Reached XP level 9. HP: 11/63 MP: 9/9
  6781 | D:6      | Found a stormy altar of Qazlal.
  6870 | D:7      | Reached **** piety under Trog
  6924 | D:7      | Found a staircase to the Ecumenical Temple.
  8310 | D:7      | Found a sacrificial altar of Ru.
  8625 | D:8      | Noticed Erica
  8651 | D:8      | Killed Erica
  8895 | D:8      | Noticed Prince Ribbit
  8904 | D:8      | Paralysed by a hornet for 2 turns
  8911 | D:8      | Slain by Prince Ribbit

Illustrated notes

Levels and vault maps discovered:
D:1:      denvon_arrival_planthouse, layout_basic, serial_shops,
          nicolae_shop_advertising_works [nicolae_subvault_shop_adworks],
          kennysheep_doodads, glass_columns_a, minmay_tetromino_s2
D:2:      layout_rooms, shapermc_ecumenical_altar_gd, nrook_uturn,
          mrwooster_statue_mirror
D:3:      layout_basic, mainiacjoe_overflow_catwalk
D:4:      layout_rooms, mainiacjoe_overflow_boulevard, kennysheep_little_box,
          serial_bayou, serial_bayou_pond_c, serial_bayou_shore_a,
          serial_bayou_pond_a, serial_bayou_crossing, uniq_grinder,
          uniq_eustachio
D:5:      minmay_diamond_boxcup, layout_loops_ring,
          worldfamousw_hep_ancestral_shrine, general_overflow_altar,
          serial_shops, nicolae_shop_statue_plus, kennysheep_mini_moat, shop,
          shop, nicolae_square_shop, uniq_crazy_yiuf_cottage, uniq_ijyb
D:6:      layout_basic, grunt_qazlal_clouds, dreamdust_mushroom_princess,
          uniq_blork_the_orc
D:7:      layout_basic, mainiacjoe_overflow_paths,
          minmay_temple_entry_gardened_gates, serial_curves, eino_curves_02,
          eino_curves_04, eino_curves_03
D:8:      layout_basic, mainiacjoe_overflow_small_starburst,
          uniq_prince_ribbit1, uniq_erica

Skill      XL: |  1  2  3  4  5  6  7  8  9 |
---------------+----------------------------+-----
Axes           | 3 4 6 9 |  9.1
Slings         | 1 3 4 6 7 9 |  9.2
Fighting       | |  3.0
Armour         | |  1.7
Dodging        | |  1.7

Action                   |  1- 3 |  4- 6 |  7- 9 || total
-------------------------+-------+-------+-------++-------
Melee: Hand axe          |    72 |       |       ||    72
       Punch             |     1 |       |       ||     1
       Whip              |       |    13 |    26 ||    39
       Headbutt          |       |     2 |     5 ||     7
       Hunting sling     |       |       |     2 ||     2
 Fire: Hunting sling     |    35 |    92 |   289 ||   416
Throw: Throwing net      |     1 |       |     3 ||     4
       Dart              |       |       |     3 ||     3
Invok: Berserk           |     1 |     1 |     1 ||     3
  Use: Potion            |       |       |     3 ||     3
 Stab: Sleeping          |     1 |       |       ||     1
Armor: Animal skin       |    19 |     1 |       ||    20
       Chain mail        |       |    49 |   159 ||   208
Dodge: Dodged            |    50 |    32 |    87 ||   169

Table legend: (Time is in decaauts)
 A = Elapsed time spent in this place.
 B = Non-inter-level travel time spent in this place.
 C = Inter-level travel time spent in this place.
 D = Time resting spent in this place.
 E = Time spent auto-exploring this place.
 F = Levels seen in this place.
 G = Mean time per level.
                   A        B        C        D        E       F      G
               +--------+--------+--------+--------+--------+-----+--------+
         Total |   9156 |   8989 |    167 |   2769 |   4860 |   8 | 1144.5 |
       Dungeon |   9156 |   8989 |    167 |   2769 |   4860 |   8 | 1144.5 |
               +--------+--------+--------+--------+--------+-----+--------+

Top non-repeatable levels by time:
     D:5: 2063 daAuts
     D:7: 1686 daAuts
     D:6: 1295 daAuts
     D:1: 1066 daAuts
     D:4: 1016 daAuts
     D:3: 849 daAuts
     D:2: 791 daAuts
     D:8: 386 daAuts
